 Dungeon Crawl Stone Soup version 0.15-a0-809-g8e1b895 (webtiles) character file.

28 4tharraofdagon the Changer (level 3, 0/20 HPs)
             Began as a Kobold Transmuter on May 14, 2014.
             Killed from afar by an orc wizard (8 damage)
             ... with a magic dart
             ... on Level 4 of the Dungeon.
             The game lasted 00:03:32 (715 turns).

4tharraofdagon the Changer (Kobold Transmuter)       Turns: 715, Time: 00:03:32

HP   0/20        AC  3     Str  9      XL: 3   Next: 27%
MP   6/6         EV 15     Int 11      God:
Gold 34          SH  0     Dex 16      Spells:  2 memorised,  2 levels left

rFire  . . .     SeeInvis .       - Unarmed
rCold  . . .     Clarity  .     c - +0 robe
rNeg   . . .     Conserve .     (no shield)
rPois  .         rCorr    .     (no helmet)
rElec  .         rRot     .     k - +0 cloak
SustAb . .       Spirit   .     (no gloves)
rMut   .         Warding  .     (no boots)
Gourm  .         Stasis   .     (no amulet)
MR     .....                    (no ring)
                                (no ring)

@: not resistant to hostile enchantments, very unstealthy
A: disease resistance, carnivore 3
a: no special abilities


You were on level 4 of the Dungeon.
You were very full.

You visited 1 branch of the dungeon, and saw 4 of its levels.

You collected 34 gold pieces.

Inventory:

Missiles
 b - 12 arrows
Armour
 c - a +0 robe (worn)
 k - a +0 cloak (worn)
Magical devices
 o - a wand of confusion (8)
Comestibles
 a - a meat ration
Scrolls
 e - a scroll of fog {unknown}
 g - a scroll of teleportation {unknown}
 i - 4 scrolls of recharging {unknown}
 j - 2 scrolls of remove curse {unknown}
 q - a scroll of noise {unknown}
Jewellery
 p - an uncursed amulet of stasis
Potions
 f - a potion of lignification {unknown}
 h - a potion of curing {unknown}
 l - a potion of heal wounds {unknown}
 m - a potion of cure mutation {unknown}
 n - 2 potions of restore abilities {unknown}
Books
 d - a book of Changes

   Spells                             Type                      Level
   *Beastly Appendage                 Transmutation                1
   Sticks to Snakes                   Transmutation                2
   *Spider Form                       Transmutation/Poison         3
   Ice Form                           Ice/Transmutation            4
   Blade Hands                        Transmutation                5


   Skills:
 - Level 1.1 Fighting
 - Level 2.4 Dodging
 - Level 3.0 Unarmed Combat
 - Level 2.0 Spellcasting
 + Level 3.1 Transmutations


You had 2 spell levels left.
You knew the following spells:

 Your Spells              Type           Power        Failure   Level  Hunger
a - Beastly Appendage     Trmt           #.....       10%         1    ##.....
b - Spider Form           Trmt/Pois      #.........   47%         3    ####...


Dungeon Overview and Level Annotations

Branches:
Dungeon (4/15)
 Temple: D:4-7

Altars:
Qazlal
Zin


Innate Abilities, Weirdness & Mutations

You recuperate from illness quickly.
You are small and have problems with some larger weapons.
You are carnivorous and can eat meat at any time.


Message History

You kill the rat!
There is a stone staircase leading up here.
Okay, then.
You climb upwards.
Found a scroll labeled KYKKEPH DIYBE.
There is a stone staircase leading down here.
q - a scroll labeled KYKKEPH DIYBE
There is a stone staircase leading down here.
There is a stone staircase leading down here.
You climb downwards.
There is a stone staircase leading up here.
An orc wizard comes into view. It is wielding a runed dagger.
Found a cutlass.
The orc wizard shouts!
An orc wizard comes into view. It is wielding a dagger.
There is a stone staircase leading down here.
The orc wizard shouts!
The orc wizard casts a spell at you. The magic dart hits you!
You die...

. #.... #....
#.).# o.
#...#
..)#####...#
.o.........#
....o.......#
........@...#
.....####...#
.
#...#####...
#...........
#<.#####....
#..# # #..#
#.. #..#
#..####..#


You could see 2 orc wizards and an orc (wandering).

Vanquished Creatures
  An adder (D:2)
  An orc (D:2)
  5 goblins
  4 kobolds
  3 bats
  A giant newt (D:2)
  4 rats
19 creatures vanquished.

Notes
Turn   | Place    | Note
--------------------------------------------------------------
     0 | D:1      | 4tharraofdagon, the Kobold Transmuter, began the quest for the Orb.
     0 | D:1      | Reached XP level 1. HP: 12/12 MP: 3/3
    48 | D:1      | Reached XP level 2. HP: 10/16 MP: 4/4
   410 | D:2      | Reached XP level 3. HP: 15/20 MP: 4/6
   425 | D:2      | Learned a level 3 spell: Spider Form
   630 | D:2      | Found a stormy altar of Qazlal.
   631 | D:2      | Found a glowing silver altar of Zin.
   665 | D:2      | You fall through a shaft!
   715 | D:4      | Killed from afar by an orc wizard

Action                   || total
-------------------------++-------
Melee: Unarmed           ||    67
 Cast: Beastly Appendage ||     5
Evoke: Wand              ||     1

Vault maps used:
D:1:      dpeg_arrival_short_road, minmay_distorted
D:2:      minmay_door_path, gammafunk_temple_overflow_pools
D:3:      nicolae_overflow_hidden_temple, kennysheep_small_spiral,
          guppyfry_early_lair_pool
D:4:      first_bread, minmay_misc_feat_x, uniq_natasha
